AoeStats
← Deliverance

Yucatan

510637892Analyzed
4v4 RM · 2d ago on Oct 1, 2026· 74m 17s· 8 players
Game mode
Random Map
Map size
Large (8 player)
Population
200
Speed
Normal
Resources
Standard
Victory
Conquest
Starting age
Dark Age
Ending age
Imperial Age
RankedLock teamsTeams togetherTeam positionsShared explorationLock speedFull tech treeHidden civsTurbo modeCheats
Victory
Defeat
🇨🇳 Mongols · China
1300
+12
🇨🇳 Bengalis · China
1274
+13
🇹🇼 Danes · Taiwan
1208
+16
🇨🇳 Huns · China
1115
+21
🇹🇷 Mongols · Türkiye
1256
-17
🇨🇱 Varangians · Chile
1226
-16
🇨🇴 Muisca · Colombia
1219
-16
🇹🇷 Jurchens · Türkiye
1145
-13
AdilK
11:43 Feudal Age
10:45 Loom
12:30 Feudal Age
16:52 Castle Age
16:54 Double-Bit Axe
17:00 Gold Mining
16:52 Horse Collar
17:04 Stone Mining
18:40 Bow Saw
19:10 Wheelbarrow
19:29 Gold Mining
19:29 Stone Mining
20:54 Gold Shaft Mining
21:02 Heavy Plow
21:43 Stone Shaft Mining
23:15 Hand Cart
22:45 Town Watch
25:04 Fletching
26:15 Bodkin Arrow
26:20 Padded Archer Armor
31:45 Imperial Age
30:40 Leather Archer Armor
32:27 Caravan
32:57 Coinage
33:04 Conscription
33:04 Onager
35:43 Bracer
35:49 Scale Barding Armor
35:08 Elite Mangudai
37:30 Chemistry
36:50 Ballistics
37:36 Chain Barding Armor
38:53 Thumb Ring
39:14 Parthian Tactics
39:40 Bloodlines
39:30 Husbandry
42:15 Siege Onager
52:09 Banking
63:54 Scale Mail Armor
64:04 Forging
63:54 Scale Mail Armor
64:04 Forging
65:21 Pikeman
66:01 Squires
65:47 Arson
Deliverance
7:31 Loom
9:46 Feudal Age
9:51 Champi Runner
21:06 Castle Age
18:56 Horse Collar
20:03 Scale Mail Armor
20:45 Double-Bit Axe
21:59 Wheelbarrow
21:06 Champi Warrior
23:02 Chain Mail Armor
27:19 Town Watch
28:02 Squires
31:59 Forging
33:06 Bow Saw
33:04 Heavy Plow
36:04 Imperial Age
35:36 Gold Mining
35:37 Stone Mining
37:06 Iron Casting
36:05 Elite Champi Warrior
38:36 Fletching
39:13 Bodkin Arrow
40:22 Bracer
40:23 Padded Archer Armor
40:54 Elite Guecha Warrior
42:03 Leather Archer Armor
45:28 Chemistry
46:39 Ballistics
47:47 Coinage
48:24 Herbalism
50:22 Banking
51:19 Conscription
51:36 Hoardings
56:53 Two-Man Saw
56:24 Crop Rotation
56:31 Gold Shaft Mining
MauRods
10:59 Feudal Age
9:31 Loom
15:03 Castle Age
12:51 Double-Bit Axe
17:15 Wheelbarrow
21:19 Bloodlines
21:14 Horse Collar
21:43 Fishing Lines
22:43 Scale Barding Armor
22:48 Forging
23:24 Heavy Plow
24:06 Hand Cart
25:36 Forging
25:21 Gold Mining
28:29 Chain Barding Armor
28:45 Iron Casting
28:12 Husbandry
33:30 Imperial Age
34:43 Cavalier
36:00 Plate Barding Armor
36:25 Blast Furnace
36:22 Gillnets
37:50 Blast Furnace
37:44 Ballistics
38:24 Chemistry
39:28 Stone Mining
39:02 Vendel Legacy
40:03 Conscription
40:44 Stone Shaft Mining
44:27 Siege Engineers
44:18 Murder Holes
50:37 Fletching
50:48 Padded Archer Armor
51:21 Elite Jarl
53:21 Bodkin Arrow
53:41 Leather Archer Armor
53:29 Scale Mail Armor
55:16 Bracer
55:47 Ring Archer Armor
58:23 Chain Mail Armor
69:55 Crop Rotation
Lavibeko
12:07 Feudal Age
10:23 Loom
16:36 Castle Age
14:31 Double-Bit Axe
15:59 Gold Mining
16:49 Forging
17:22 Bloodlines
18:22 Husbandry
24:47 Wheelbarrow
24:57 Bow Saw
26:30 Stone Mining
27:05 Horse Collar
28:09 Elite Skirmisher
30:26 Hand Cart
33:47 Imperial Age
31:44 Fletching
31:55 Padded Archer Armor
32:10 Siege Engineers
33:42 Ballistics
33:02 Treadmill Crane
35:53 Chemistry
34:17 Heavy Rocket Cart
35:44 Scale Barding Armor
36:34 Iron Casting
36:44 Bodkin Arrow
37:48 Murder Holes
38:29 Masonry
40:54 Bracer
41:09 Leather Archer Armor
48:19 Elite Fire Lancer
48:44 Gambesons
49:00 Squires
48:45 Arson
49:37 Scale Mail Armor
50:38 Blast Furnace
49:42 Capped Ram
51:11 Chain Mail Armor
50:20 Siege Ram
56:17 Conscription
60:33 Pikeman
61:55 Halberdier
ecat1225
10:18 Loom
12:30 Feudal Age
15:31 Wheelbarrow
20:00 Castle Age
18:37 Double-Bit Axe
25:11 Stone Mining
33:07 Gold Mining
36:31 Bow Saw
39:31 Hand Cart
45:28 Forging
45:18 Scale Mail Armor
48:16 Iron Casting
53:21 Imperial Age
53:20 Gold Shaft Mining
53:18 Thumb Ring
53:32 Cranequins
57:23 Heavy Mounted Crossbowman
58:04 Fletching
58:22 Scale Barding Armor
59:29 Elite Varangian Guard
61:23 Horse Collar
63:37 Blast Furnace
62:59 Squires
63:52 Conscription
62:54 Hamask
63:58 Conscription
64:03 Chain Mail Armor
70:33 Arson
天南第一剑修
9:48 Feudal Age
14:35 Castle Age
12:33 Double-Bit Axe
12:32 Horse Collar
14:44 Gold Mining
14:48 Stone Mining
18:18 Fletching
19:30 Bodkin Arrow
22:09 Loom
25:01 Wheelbarrow
28:23 Gold Mining
31:25 Imperial Age
29:41 Padded Archer Armor
30:25 Ballistics
29:59 Town Watch
31:00 Murder Holes
33:09 Chemistry
32:33 Conscription
31:45 Elite Mangudai
33:19 Conscription
34:30 Gold Shaft Mining
34:45 Hand Cart
34:34 Bracer
36:16 Fortified Wall
36:23 Leather Archer Armor
36:25 Husbandry
36:45 Bloodlines
37:18 Forging
37:42 Light Cavalry
41:21 Scale Barding Armor
41:51 Iron Casting
42:48 Parthian Tactics
42:24 Hussar
45:21 Stone Shaft Mining
45:29 Chain Barding Armor
48:04 Masonry
50:15 Scale Mail Armor
51:16 Blast Furnace
50:30 Heavy Plow
54:58 Capped Ram
65:53 Bow Saw
乱星海底悟道
4:06 Loom
14:09 Feudal Age
16:37 Double-Bit Axe
16:37 Horse Collar
19:14 Castle Age
21:47 Bow Saw
21:38 Heavy Plow
24:10 Town Watch
28:18 Gold Mining
29:22 Wheelbarrow
30:12 Town Patrol
33:47 Imperial Age
31:41 Hand Cart
31:26 Town Patrol
31:47 Fletching
31:57 Padded Archer Armor
33:10 Bodkin Arrow
33:30 Leather Archer Armor
34:24 Fortified Wall
34:05 Elite Elephant Archer
36:00 Conscription
35:47 Paiks
39:28 Chemistry
38:49 Ballistics
39:24 Bracer
41:53 Ring Archer Armor
42:38 Mahayana
42:34 Masonry
45:22 Gold Shaft Mining
44:41 Stone Mining
46:14 Bloodlines
46:05 Husbandry
46:16 Light Cavalry
47:30 Elite Skirmisher
51:23 Two-Man Saw
52:39 Crop Rotation
52:53 Elite Battle Elephant
56:34 Forging
56:29 Scale Barding Armor
59:55 Chain Barding Armor
60:11 Iron Casting
省委高育良
2:10 Loom
11:09 Feudal Age
15:09 Castle Age
14:04 Double-Bit Axe
14:00 Horse Collar
25:08 Heavy Plow
25:20 Bow Saw
26:45 Gold Mining
29:32 Imperial Age
27:01 Stone Mining
27:39 Scale Barding Armor
27:44 Forging
29:30 Gold Shaft Mining
29:51 Wheelbarrow
29:54 Marauders
30:03 Town Watch
30:35 Husbandry
30:45 Bloodlines
31:56 Conscription
31:15 Elite Tarkan
33:08 Two-Man Saw
33:07 Iron Casting
32:52 Chain Barding Armor
33:27 Hand Cart
33:45 Chain Barding Armor
35:03 Blast Furnace
35:37 Plate Barding Armor
36:42 Light Cavalry
38:13 Hussar
41:43 Fletching
41:54 Padded Archer Armor
54:53 Town Patrol
58:36 Bodkin Arrow
58:57 Leather Archer Armor
62:12 Parthian Tactics
61:53 Thumb Ring
64:05 Chemistry
63:25 Ballistics
64:00 Heavy Cavalry Archer
65:59 Bracer
73:31 Atheism
Connection lost

Rejoining the realm…

Still unreachable

The connection could not be restored.

Session expired

The server has moved on; the page needs a fresh start.